 Dungeon Crawl Stone Soup version 0.28-a0-43-g560ac10 (webtiles) character file.

Game seed: 15967241266724344752

6613 Illumine the Spear-Bearer (level 10, 0/93 HPs)
             Began as a Minotaur Fighter on July 28, 2021.
             Was an Initiate of Gozag.
             Splashed by a kobold's acid (4 damage)
             ... on level 9 of the Dungeon.
             The game lasted 00:12:23 (10119 turns).

Illumine the Spear-Bearer (Minotaur Fighter)       Turns: 10119, Time: 00:12:23

Health: 0/93       AC: -4    Str: 25    XL:     10   Next: 72%
Magic:  9/9        EV: 12    Int:  5    God:    Gozag
Gold:   249        SH:  0    Dex:  9    Spells: 9/9 levels left

rFire   + + .      SeeInvis .   H - +6 glaive of Zin {vorpal, rPois rF+ rCorr}
rCold   + . .      Faith    .   (shield currently unavailable)
rNeg    . . .      Spirit   .   b - +1 scale mail
rPois   +          Reflect  .   (helmet restricted)
rElec   .          Harm     .   z - scarf {rC+ rF+}
rCorr   +          Rampage  .   p - +0 pair of gloves
Will    +....                   (no boots)
Stlth   ..........              (no amulet)
HPRegen 0.25/turn               t - ring of flight
MPRegen 0.11/turn               C - ring of willpower

@: corroded, flying
A: horns 2, retaliatory headbutt
a: Renounce Religion, Potion Petition, Call Merchant, Bribe Branch


You were on level 9 of the Dungeon.
You worshipped Gozag.
Gozag was aware of your devotion.
You visited 3 branches of the dungeon, and saw 11 of its levels.
You also visited: Ossuary.

You collected 1210 gold pieces.
You spent 889 gold pieces at shops.
You paid 72 gold pieces to Gozag.

Inventory:

Hand Weapons
 a - a +0 trident
 l - a +2 hunting sling of flaming
 E - a +0 halberd
 H - the +6 glaive of Zin (weapon) {vorpal, rPois rF+ rCorr}
   (You bought it in a shop on level 6 of the Dungeon)

   It inflicts extra damage upon your enemies.
   rF:        It protects you from fire.
   rPois:     It protects you from poison.
   rCorr:     It protects you from acid and corrosion.
Missiles
 m - 198 stones (quivered)
 n - 78 bolts
 F - a throwing net
Armour
 b - a +1 scale mail (worn)
 c - a +0 kite shield
 p - a +0 pair of gloves (worn)
 z - a scarf of resistance (worn)
Jewellery
 t - a ring of flight (left hand)
 C - a ring of willpower (right hand)
Wands
 d - a wand of iceblast (5)
 y - a wand of charming (5)
 G - a wand of flame (18)
Scrolls
 g - 2 scrolls of fear
 h - 3 scrolls of teleportation
 i - a scroll of torment
 j - a scroll of summoning {unknown}
 s - a scroll of amnesia
 w - 5 scrolls of enchant armour
 x - 2 scrolls of immolation
 B - a scroll of acquirement {unknown}
 J - a scroll of identify
Potions
 e - 3 potions of cancellation
 f - 2 potions of attraction
 k - 4 potions of haste
 o - a potion of flight {unknown}
 q - a potion of magic {unknown}
 r - 2 potions of heal wounds {unknown}
 u - 2 potions of berserk rage {unknown}
 v - a potion of ambrosia {unknown}
 A - 2 potions of resistance {unknown}
 D - a potion of brilliance {unknown}
 I - a potion of curing


   Skills:
 + Level 9.9 Fighting
 * Level 12.8 Polearms
 + Level 9.9 Armour
 + Level 6.1 Dodging
 - Level 3.6 Shields


You had 9 spell levels left.
You didn't know any spells.
Your spell library contained the following spells:

 Spells                   Type           Power      Damage    Failure   Level
 Magic Dart               Conj           0%         1d3       73%         1
 Call Imp                 Summ           0%         N/A       86%         2
 Sublimation of Blood     Necr           0%         N/A       86%         2
 Wereblood                Tmut           0%         N/A       86%         2
 Conjure Flame            Conj/Fire      0%         6-21      97%         3
 Gell's Gravitas          Tloc           0%         N/A       97%         3
 Ignite Poison            Fire/Tmut/Pois 0%         N/A       97%         3
 Lesser Beckoning         Tloc           0%         N/A       97%         3
 Mephitic Cloud           Conj/Pois/Air  0%         N/A       97%         3
 Ozocubu's Armour         Ice            0%         N/A       97%         3
 Teleport Other           Tloc           0%         N/A       97%         3
 Sticky Flame             Conj/Fire      0%         2d3       100%        4
 Ozocubu's Refrigeration  Ice            0%         4d5       100%        7
 Summon Hydra             Summ           0%         N/A       100%        7


Dungeon Overview and Level Annotations

Branches:
Dungeon (9/15)             Temple (1/1) D:5            Lair (1/6) D:9
Ossuary (visited)
    Orc: D:9-12

Altars:
Ashenzari
Cheibriados
Dithmenos
Elyvilon
Fedhas
Gozag
Hepliaklqana
Kikubaaqudgha
Makhleb
Nemelex Xobeh
Okawaru
Qazlal
Ru
Sif Muna
Trog
Uskayaw
Vehumet
Wu Jian
Xom
Zin
The Shining One

Shops:
D:6 (

Annotations:
D:3 Sigmund
D:6 2 runed translucent doors, plsesad's ghost, novice TrHu


Innate Abilities, Weirdness & Mutations

You have a pair of horns on your head.
You reflexively headbutt those who attack you in melee.


Message History

The kobold is no longer distracted by gold.
The kobold is distracted by your dazzling golden aura.
Unknown command.
The kobold shouts!
You hit the kobold.
You kill the kobold!
The kobold is no longer distracted by gold.
The kobold zaps a wand.
The bolt of acid hits you. You resist. The acid corrodes you!
You are splashed with acid.
You resist.
You closely miss the kobold.
You headbutt the kobold, but do no damage.
The kobold zaps a wand.
The bolt of acid misses you.
You closely miss the kobold. Your headbutt misses the kobold.
The kobold is distracted by your dazzling golden aura.
You completely miss the kobold.
The kobold is no longer distracted by gold.
The kobold shouts!
The hound barks!
Your headbutt misses the kobold.
The kobold zaps a wand.
The bolt of acid hits you! You resist.
* * * LOW HITPOINT WARNING * * *
You are splashed with acid!
You resist.
* * * LOW HITPOINT WARNING * * *
You barely miss the kobold. Your headbutt misses the kobold.
The hound is distracted by your dazzling golden aura.
The kobold hits you with a +0 dagger.
* * * LOW HITPOINT WARNING * * *
Unknown command.
You barely miss the kobold.
The hound barks!
You headbutt the kobold, but do no damage.
The kobold completely misses you.
Unknown command.
You hit the kobold but do no damage. Your headbutt misses the kobold.
The kobold closely misses you.
You hit the kobold but do no damage.
The kobold zaps a wand.
The bolt of acid hits you. You resist.
* * * LOW HITPOINT WARNING * * *
The acid corrodes you!
You are splashed with acid.
You resist.
You die...
Your body crumbles into a pile of gold.

# .##..#.#.# ....
#..........# #...
#......#..## #... #...##.#..#
#... #......#..# #...
#........#
####...########.###.#.#
......K......>#.##.#..#.
...h...@.$..$$.....≈....
........$..$$.$.≈.≈≈....
####...##....≈..≈≈≈.≈≈..
#.......$...≈≈≈≈≈≈≈≈≈≈≈ ###
#.#...#...≈..≈≈≈≈..≈≈≈≈
##.###.#...#.....≈≈≈..≈...≈≈
##..........#..≈≈≈.≈≈≈....≈≈≈
#.).....#...#....≈≈≈≈..>.....
#.#####.#...#..≈..≈≈≈≈......≈


You could see a hound and a kobold.

Vanquished Creatures
  2 two-headed ogres
  Pikel (D:5)
  A black mamba (Lair:1)
  Maurice (D:7)
  A komodo dragon (D:8)
  A troll (D:9)
  Prince Ribbit (D:5)
  A wyvern (D:8)
  An acid dragon (D:9)
  A sky beast (D:6)
  2 black bears
  4 ogres
  A centaur (D:8)
  3 wolves (D:9)
  A phantom (D:5)
  4 kobold brigands
  2 bullfrogs
  A wyvern zombie (D:7)
  A gnoll sergeant (D:8)
  A water moccasin skeleton (D:5)
  6 killer bees (D:9)
  5 howler monkeys (D:9)
  5 wights (D:9)
  2 electric eels (D:9)
  2 centaur zombies (Ossuary)
  A human zombie (Ossuary)
  7 hounds
  5 orc priests
  A gnoll shaman (D:6)
  A bullfrog skeleton (D:5)
  3 iguanas
  An orc wizard (D:6)
  2 killer bee zombies
  2 hound skeletons (D:4)
  4 mummies (Ossuary)
  9 adders
  11 gnolls
  A shadow imp (D:7)
  2 white imps (D:8)
  3 ufetubi
  An adder zombie (D:5)
  2 worms
  A dart slug (D:2)
  19 orcs
  8 endoplasms
  4 giant cockroaches
  7 goblins
  8 hobgoblins
  4 jackals
  2 quokkas (D:1)
  7 ball pythons
  A bat (D:1)
  5 frilled lizards
  2 hobgoblin zombies (Ossuary)
  24 kobolds
  2 kobold zombies (Ossuary)
  An orc zombie (Ossuary)
  9 rats
211 creatures vanquished.

Notes
Turn   | Place    | Note
-------+----------+-------------------------------------------
     0 | D:1      | Illumine the Minotaur Fighter began the quest for the Orb.
     0 | D:1      | Reached XP level 1. HP: 19/19 MP: 0/0
   144 | D:1      | Reached XP level 2. HP: 27/27 MP: 1/1
   180 | D:1      | Reached skill level 3 in Polearms
   781 | D:2      | Reached XP level 3. HP: 33/33 MP: 2/2
   949 | D:2      | Found a faded altar of an unknown god.
  1004 | D:2      | Reached skill level 4 in Polearms
  1004 | D:2      | Reached XP level 4. HP: 35/41 MP: 3/3
  1696 | D:3      | Found a shimmering altar of Xom.
  1696 | D:3      | Found a shimmering altar of Xom.
  1697 | D:3      | Found a shimmering altar of Xom.
  1698 | D:3      | Found a shimmering altar of Xom.
  1937 | D:3      | Found a white marble altar of Elyvilon.
  2147 | D:3      | Noticed Sigmund
  2395 | D:4      | Reached XP level 5. HP: 42/47 MP: 4/4
  2481 | D:4      | Noticed a black bear
  2488 | D:4      | Killed a black bear
  2489 | D:4      | Reached skill level 5 in Fighting
  2489 | D:4      | Reached skill level 5 in Polearms
  2489 | D:4      | Reached skill level 5 in Armour
  2541 | D:4      | Reached XP level 6. HP: 52/56 MP: 5/5
  2977 | D:5      | Entered Level 5 of the Dungeon
  2994 | D:5      | Found a bloodstained altar of Trog.
  3012 | D:5      | Found a sacrificial altar of Ru.
  3027 | D:5      | Reached skill level 6 in Polearms
  3264 | D:5      | Found a staircase to the Ecumenical Temple.
  3271 | Temple   | Entered the Ecumenical Temple
  3433 | Temple   | Became a worshipper of Gozag Ym Sagoz the Greedy
  3486 | D:5      | Found a glowing drain.
  3643 | D:5      | Reached XP level 7. HP: 49/62 MP: 6/6
  3656 | D:5      | Found a sand-covered staircase.
  3663 | Ossuary  | Entered an ossuary
  3833 | Ossuary  | Reached skill level 7 in Polearms
  4044 | D:5      | Noticed Pikel
  4055 | D:5      | Killed Pikel
  4056 | D:5      | Reached skill level 8 in Polearms
  4056 | D:5      | Reached XP level 8. HP: 70/71 MP: 7/7
  4078 | D:5      | Noticed Prince Ribbit
  4086 | D:5      | Killed Prince Ribbit
  4087 | D:5      | Reached skill level 9 in Polearms
  4659 | D:6      | Reached skill level 1 in Dodging
  5021 | D:6      | Found Baadehyw's Weapon Boutique.
  5058 | D:6      | Found a large runed translucent door.
  5058 | D:6      | Found a large runed translucent door.
  5060 | D:6      | Noticed plsesad's ghost (novice TrHu)
  5407 | D:6      | Reached XP level 9. HP: 60/81 MP: 8/8
  5554 | D:6      | Reached skill level 10 in Polearms
  5795 | D:7      | Found a shimmering blue altar of Sif Muna.
  5874 | D:7      | Noticed a komodo dragon
  6743 | D:8      | Noticed Maurice
  7384 | D:7      | Killed Maurice
  8251 | D:8      | Noticed a two-headed ogre
  8261 | D:8      | Killed a two-headed ogre
  8262 | D:8      | Reached skill level 11 in Polearms
  8531 | D:8      | Killed a komodo dragon
  8532 | D:8      | Reached XP level 10. HP: 16/91 MP: 9/9
  8854 | D:6      | Bought the +6 glaive of Zin {vorpal, rPois rF+ rCorr} for
                  | 889 gold pieces
  8930 | D:9      | Noticed a two-headed ogre
  8939 | D:9      | Killed a two-headed ogre
  8940 | D:9      | Reached skill level 5 in Dodging
  9144 | D:9      | Found a staircase to the Lair.
  9160 | D:9      | Reached skill level 12 in Polearms
  9673 | Lair:1   | Entered Level 1 of the Lair of Beasts
  9677 | Lair:1   | Noticed a black mamba
  9684 | Lair:1   | Killed a black mamba
 10119 | D:9      | HP: 4/93 [kobold/bolt of acid (6)]
 10119 | D:9      | Splashed by a kobold's acid

Illustrated notes

Levels and vault maps discovered:
D:1:      tarquinn_simple_flora_water_f, layout_basic
D:2:      layout_loops_ring, hellmonk_ecumenical_altar_slurped_away
D:3:      layout_basic, xom_redecorated, elyvilon_altar_4, uniq_sigmund
D:4:      layout_cave_pools
D:5:      layout_basic, mainiacjoe_overflow_catch_the_wave,
          minmay_temple_entry_grid, nicolae_ossuary_entry_monument,
          portal_sewer_entry_c, uniq_pikel, uniq_prince_ribbit1
D:6:      layout_basic, serial_shops, nicolae_shop_behind_doors,
          ebering_ghost_disaster_area
D:7:      wander_river, layout_basic, mainiacjoe_overflow_concentric_impassable
D:8:      layout_loops_corners, uniq_maurice
D:9:      layout_loops_cross, lemuel_doored_altar, erik_lair_island
Temple:   eino_temple_rhombus
Lair:1:   layout_cave_pods, uniq_erica

Skill      XL: |  1  2  3  4  5  6  7  8  9 10 |
---------------+-------------------------------+-----
Polearms       | 3 4 5 6 8 9 11 12 | 12.8
Armour         | 4 5 6 7 9 |  9.9
Fighting       | 4 5 6 7 9 |  9.9
Dodging        | 2 4 6 |  6.1
Shields        | |  3.6

Action                   |  1- 3 |  4- 6 |  7- 9 | 10-12 || total
-------------------------+-------+-------+-------+-------++-------
Melee: Trident           |   100 |   180 |   311 |     1 ||   592
       Headbutt          |     9 |    30 |    58 |     6 ||   103
       Glaive            |       |       |       |    86 ||    86
 Fire: Hunting sling     |       |       |     3 |       ||     3
Evoke: Wand              |       |       |       |     1 ||     1
  Use: Scroll            |       |     6 |     6 |       ||    12
       Potion            |       |       |     1 |       ||     1
 Stab: Distracted        |       |       |     1 |     1 ||     2
Armor: Scale mail        |    42 |    54 |   103 |    28 ||   227
Dodge: Dodged            |    24 |    53 |    80 |    42 ||   199
Block: Kite shield       |    47 |    78 |   101 |       ||   226

Table legend: (Time is in decaauts)
 A = Elapsed time spent in this place.
 B = Non-inter-level travel time spent in this place.
 C = Inter-level travel time spent in this place.
 D = Time resting spent in this place.
 E = Time spent auto-exploring this place.
 F = Levels seen in this place.
 G = Mean time per level.
                   A        B        C        D        E       F      G
               +--------+--------+--------+--------+--------+-----+--------+
         Total |  10235 |  10019 |    216 |   2540 |   5641 |  12 |  852.9 |
       Dungeon |   9520 |   9319 |    201 |   2340 |   5295 |   9 | 1057.8 |
        Temple |    178 |    163 |     15 |      0 |    158 |   1 |  178.0 |
          Lair |    200 |    200 |      0 |    187 |      0 |   1 |  200.0 |
       Ossuary |    335 |    335 |      0 |     13 |    188 |   1 |  335.0 |
               +--------+--------+--------+--------+--------+-----+--------+

Top non-repeatable levels by time:
     D:6: 1789 daAuts
     D:8: 1665 daAuts
     D:5: 1158 daAuts
     D:9: 997 daAuts
     D:2: 966 daAuts
     D:7: 861 daAuts
     D:4: 839 daAuts
     D:1: 774 daAuts
     D:3: 468 daAuts
 Ossuary: 335 daAuts
  Lair:1: 200 daAuts
  Temple: 178 daAuts
